 Dungeon Crawl Stone Soup version 0.30.1-11-g7821555f0a (webtiles) character file.

Game seed: 17757225658244899142

25673 Peloso the Carver (level 12, -1/112 HPs)
             Began as a Minotaur Fighter on Jan 8, 2024.
             Was the Champion of Okawaru.
             Drowned by a quicksilver ooze (9 damage)
             ... in an ice cave.
             The game lasted 00:26:39 (12847 turns).

Peloso the Carver (Minotaur Fighter)               Turns: 12847, Time: 00:26:40

Health: -1/112     AC: 21    Str: 25    XL:     12   Next: 91%
Magic:  0/12       EV: 18    Int: 10    God:    Okawaru [******]
Gold:   862        SH: 12    Dex: 16    Spells: 11/11 levels left

rFire   . . .        a - +0 long sword (spect)
rCold   + + +        d - +0 kite shield
rNeg    + . .        z - +0 ice dragon scales "Pueb" {rElec rPois rF- rC++}
rPois   +            T - +2 hat {Int+3}
rElec   +            (no cloak)
rCorr   +            L - +2 pair of gloves of Too Many Cooks {rCorr Str+5}
SInv    .            G - +0 pair of boots of Sin {rF+ Will+ Int+2}
Will    +....        W - macabre finger necklace {Finger+ rN+}
Stlth   +            f - +5 ring of evasion
HPRegen 0.38/turn    o - ring of protection from fire
MPRegen 0.13/turn    P - ring of ice

%: no passive effects
@: engulfed (cannot breathe), hasted, very quick
A: horns 2, retaliatory headbutt, talons 1
a: Renounce Religion, Heroism, Finesse, Duel


You were in an ice cave.
You worshipped Okawaru.
Okawaru was exalted by your worship.
You visited 3 branches of the dungeon, and saw 15 of its levels.
You also visited: Ossuary, Bailey and Ice Cave.

You collected 862 gold pieces.

Inventory:

Hand Weapons
 a - a +0 spectral long sword (weapon)
 b - a +4 scimitar
 c - a +4 scimitar of flaming
Missiles
 J - 2 throwing nets (quivered)
Armour
 d - a +0 kite shield (worn)
 w - a +0 chain mail
 x - +0 acid dragon scales
 z - the +0 ice dragon scales "Pueb" (worn) {rElec rPois rF- rC++}
   (You took it off a spriggan in a bailey)

   rF:        It makes you vulnerable to fire.
   rC:        It greatly protects you from cold.
   rElec:     It insulates you from electricity.
   rPois:     It protects you from poison.
 G - the +0 pair of boots of Sin (worn) {rF+ Will+ Int+2}
   (Okawaru gifted it to you on level 8 of the Dungeon)

   Int:       It affects your intelligence (+2).
   rF:        It protects you from fire.
   Will:      It increases your willpower.
 L - the +2 pair of gloves of Too Many Cooks (worn) {rCorr Str+5}
   (Okawaru gifted it to you on level 10 of the Dungeon)

   Str:       It affects your strength (+5).
   rCorr:     It protects you from acid and corrosion.
 T - a +2 hat of intelligence (worn)
Jewellery
 f - a +5 ring of evasion (left hand)
 o - a ring of protection from fire (right hand)
 q - an amulet of regeneration
 E - a +4 ring of protection
 H - a ring of fire
 K - a +6 ring of strength
 M - an amulet of guardian spirit
 O - a +4 ring of protection
 P - a ring of ice (on amulet)
 W - the macabre finger necklace (around neck) {Finger+ rN+}
   (You found it on level 3 of the Lair of Beasts)

   [amulet of nothing]

   Finger+:   It enables you to equip an extra ring.
   rN:        It protects you from negative energy.
Wands
 u - a wand of paralysis (21)
 v - a wand of flame (30)
 S - a wand of iceblast (1)
 V - a wand of polymorph (7)
Scrolls
 e - a scroll of magic mapping
 j - 6 scrolls of teleportation
 n - 3 scrolls of amnesia
 y - 2 scrolls of blinking
 B - a scroll of acquirement {unknown}
 D - 2 scrolls of immolation
 F - 3 scrolls of identify {unknown}
 I - 2 scrolls of poison
 N - a scroll of brand weapon
 U - 2 scrolls of enchant armour {unknown}
Potions
 g - 11 potions of curing
 h - 4 potions of degeneration {unknown}
 i - 2 potions of brilliance {unknown}
 k - 2 potions of heal wounds
 l - 2 potions of berserk rage {unknown}
 m - 2 potions of might
 p - 5 potions of haste
 r - 3 potions of attraction {unknown}
 s - a potion of experience {unknown}
 t - 2 potions of mutation
 A - a potion of resistance {unknown}
 C - 2 potions of lignification {unknown}
 R - a potion of ambrosia {unknown}
Miscellaneous
 Q - a lightning rod (4/4)


   Skills:
 + Level 11.9 Fighting
 + Level 14.4 Long Blades
 + Level 12.4 Armour
 + Level 7.2 Dodging
 + Level 5.1 Stealth
 + Level 10.8 Shields
 + Level 1.4 Invocations
 + Level 1.0 Evocations


You had 11 spell levels left.
You didn't know any spells.
Your spell library contained the following spells:

 Spells                   Type           Power      Damage    Failure   Level
 Freeze                   Ice            0%         1d3       80%         1
 Magic Dart               Conj           0%         1d3       80%         1
 Shock                    Conj/Air       0%         1d3       80%         1
 Ensorcelled Hibernation  Hex/Ice        0%         N/A       91%         2
 Searing Ray              Conj           0%         2d4       91%         2
 Frozen Ramparts          Ice            0%         1d1       99%         3
 Gell's Gravitas          Tloc           0%         N/A       99%         3
 Hailstorm                Conj/Ice       0%         3d3       99%         3
 Spider Form              Tmut/Pois      0%         N/A       99%         3
 Swiftness                Air            0%         N/A       99%         3
 Teleport Other           Tloc           0%         N/A       99%         3
 Airstrike                Air            0%         2d(0-16)  100%        4
 Anguish                  Hex/Necr       0%         N/A       100%        4
 Fulminant Prism          Conj/Hex       0%         3d5       100%        4
 Ice Form                 Ice/Tmut       0%         N/A       100%        4
 Dispersal                Tloc           0%         N/A       100%        6
 Animate Dead             Necr           Unusable   N/A       N/A         4
 Summon Ice Beast         Ice/Summ       Unusable   N/A       N/A         4
 Haunt                    Necr/Summ      Unusable   N/A       N/A         7
 Infestation              Necr           Unusable   N/A       N/A         8

Dungeon Overview and Level Annotations

Branches:
Dungeon (11/15)            Temple (1/1) D:7            Lair (3/5) D:9
 Spider (0/4) Lair:2          Orc (0/2) D:10        Ossuary (visited)
 Bailey (visited)           IceCv (1/1)
  Swamp: Lair:2-3    Shoals: Lair:2-3

Altars:
Ashenzari
Cheibriados
Dithmenos
Elyvilon
Fedhas
Gozag
Hepliaklqana
Kikubaaqudgha
Makhleb
Nemelex Xobeh
Okawaru
Qazlal
Ru
Sif Muna
Trog
Uskayaw
Vehumet
Wu Jian
Xom
Yredelemnul
Zin
The Shining One


Innate Abilities, Weirdness & Mutations

You have a pair of horns on your head.
You reflexively headbutt those who attack you in melee.
You have sharp toenails.


Message History

You headbutt the quicksilver ooze.
The quicksilver ooze hits you but does no damage.
The quicksilver ooze completely misses you. x2
Unknown command.
You hit the quicksilver ooze but do no damage.
You headbutt the quicksilver ooze.
The quicksilver ooze is severely wounded.
Your +0 spectral long sword hits the quicksilver ooze but does no damage.
* * * LOW HITPOINT WARNING * * *
Your lungs strain for air!
The quicksilver ooze hits you!
* * * LOW HITPOINT WARNING * * *
The quicksilver ooze closely misses you.
The slime creature barely misses you.
You barely miss the quicksilver ooze.
Your headbutt misses the quicksilver ooze.
The quicksilver ooze is severely wounded.
Your +0 spectral long sword barely misses the quicksilver ooze.
* * * LOW HITPOINT WARNING * * *
Your lungs strain for air!
You block the quicksilver ooze's attack. x2
The great orb of eyes simulacrum completely misses you.
The slime creature misses you. You furiously retaliate!
You headbutt the slime creature.
You feel much better.
Your +0 spectral long sword disappears.
* * * LOW HITPOINT WARNING * * *
Your lungs strain for air!
You block the quicksilver ooze's attack.
The quicksilver ooze hits you.
* * * LOW HITPOINT WARNING * * *
The great orb of eyes simulacrum bites you!
* * * LOW HITPOINT WARNING * * *
The great orb of eyes simulacrum freezes you.
You resist.
* * * LOW HITPOINT WARNING * * *
The quicksilver ooze completely misses you. x2
The slime creature hits you but does no damage.
You feel yourself speed up.
You die...

####....### ###....#
##.........### ##.....#
###....###.....###......#
##....###
###...........##
##....### #.........###
#.......### ###########
###.......###########
###...........Z...##
######.....@J....#
#######J...... ##.....
##.. .


You could see a slime creature, a quicksilver ooze and a great orb of eyes
simulacrum.

Vanquished Creatures
  Gastronok (Lair:2)
  Erica (Lair:2)
  2 two-headed ogres
  A cyclops (D:11)
  An oklob plant (Lair:1)
  3 black mambas
  3 elephants (Lair:1)
  Joseph (D:7)
  2 cane toads
  An ice statue (IceCv)
  An unseen horror (D:7)
  2 kobold demonologists (D:10)
  7 komodo dragons
  2 rime drakes
  2 ice devils (Lair:3)
  2 trolls
  A polar bear (Lair:1)
  Prince Ribbit (D:9)
  3 blink frogs (Lair:2)
  6 slime creatures (IceCv)
  3 shadows
  A vampire (D:8)
  3 spriggans (Bailey)
  3 wraiths
  5 yaks
  Eustachio (D:5)
  3 wyverns
  A steam dragon (D:7)
  4 vampire mosquitoes (D:9)
  2 basilisks
  A two-headed ogre zombie (D:10)
  Edmund (D:6)
  5 water moccasins
  3 acid dragons
  2 ice beasts
  8 orc warriors
  4 sky beasts
  A black bear (D:9)
  2 great orb of eyes simulacra (IceCv)
  3 ogres (Bailey)
  4 centaurs
  10 wolves
  A kobold brigand (D:9)
  6 phantoms
  4 slime creature simulacra (IceCv)
  7 bullfrogs
  A scorpion (D:9)
  A gnoll sergeant (D:9)
  4 water moccasin zombies (Ossuary)
  18 wights
  A wyvern skeleton (D:5)
  4 troll zombies (D:10)
  An electric eel (D:11)
  A crimson imp (D:10)
  A howler monkey (D:11)
  2 jellies (D:6)
  2 hounds (D:7)
  9 orc priests
  2 bullfrog skeletons (D:5)
  3 gnoll boudas
  20 iguanas
  An iron imp (D:4)
  2 sleepcaps
  Jessica (D:3)
  A scorpion zombie (D:5)
  10 orc wizards
  A shapeshifter simulacrum (IceCv)
  3 ogre zombies (D:10)
  2 mummies (Ossuary)
  22 gnolls
  8 adders
  2 white imps
  2 ufetubi
  6 adder zombies (Ossuary)
  An adder skeleton (D:5)
  A worm (D:3)
  3 dart slugs
  33 orcs
  4 ball pythons
  4 bats
  7 endoplasms
  A giant cockroach (D:2)
  9 goblins
  7 hobgoblins
  3 jackals (D:4)
  4 quokkas
  8 frilled lizards
  3 gnoll zombies (Ossuary)
  2 goblin skeletons (D:10)
  4 goblin zombies (D:10)
  2 hobgoblin skeletons (D:10)
  6 hobgoblin zombies
  19 kobolds
  3 kobold zombies (Ossuary)
  3 orc skeletons (D:10)
  18 orc zombies
  4 rats
411 creatures vanquished.

Vanquished Creatures (others)
  2 frilled lizards (D:11)
  6 spectral weapons
8 creatures vanquished.

Grand Total: 419 creatures vanquished

Notes
Turn   | Place    | Note
-------+----------+-------------------------------------------
     0 | D:1      | Peloso the Minotaur Fighter began the quest for the Orb.
     0 | D:1      | Reached XP level 1. HP: 19/19 MP: 0/0
    29 | D:1      | Found an opulent altar of Gozag.
    55 | D:1      | Reached XP level 2. HP: 23/27 MP: 1/1
   107 | D:1      | Gained mutation: You are frail. (-10% HP) [potion of
                  | mutation]
   107 | D:1      | Gained mutation: You have large cloven feet. [potion of
                  | mutation]
   107 | D:1      | Lost mutation: You have large cloven feet. [potion of
                  | mutation]
   108 | D:1      | Lost mutation: You are frail. (-10% HP) [potion of
                  | mutation]
   108 | D:1      | Gained mutation: You are frail. (-10% HP) [potion of
                  | mutation]
   108 | D:1      | Gained mutation: You have sharp toenails. [potion of
                  | mutation]
   108 | D:1      | Lost mutation: You are frail. (-10% HP) [potion of
                  | mutation]
   979 | D:2      | Reached XP level 3. HP: 33/33 MP: 2/2
  1047 | D:2      | Reached skill level 3 in Long Blades
  1721 | D:3      | Noticed Jessica
  1724 | D:3      | Killed Jessica
  1725 | D:3      | Reached XP level 4. HP: 37/41 MP: 3/3
  2060 | D:3      | Found a glowing silver altar of Zin.
  2060 | D:3      | Found a blossoming altar of Fedhas.
  2063 | D:3      | Found an iron altar of Okawaru.
  2064 | D:3      | Found a shadowy altar of Dithmenos.
  2298 | D:3      | Became a worshipper of Warmaster Okawaru
  2514 | D:4      | Reached skill level 4 in Long Blades
  2578 | D:4      | Reached XP level 5. HP: 47/47 MP: 4/4
  2834 | D:4      | Found a snail-covered altar of Cheibriados.
  3009 | D:5      | Entered Level 5 of the Dungeon
  3017 | D:5      | Noticed a phantom
  3018 | D:5      | Noticed a phantom
  3024 | D:5      | Noticed a phantom
  3032 | D:5      | Killed a phantom
  3033 | D:5      | Reached skill level 5 in Long Blades
  3033 | D:5      | Reached skill level 5 in Armour
  3033 | D:5      | Reached XP level 6. HP: 49/55 MP: 5/5
  3035 | D:5      | Reached * piety under Okawaru
  3036 | D:5      | Reached skill level 5 in Fighting
  3044 | D:5      | Reached skill level 1 in Dodging
  3047 | D:5      | Reached skill level 6 in Long Blades
  3047 | D:5      | Reached XP level 7. HP: 27/61 MP: 6/6
  3066 | D:5      | Found a sand-covered staircase.
  3158 | Ossuary  | Entered an ossuary
  3270 | Ossuary  | Reached ** piety under Okawaru
  3274 | Ossuary  | Reached skill level 1 in Stealth
  3332 | Ossuary  | Reached skill level 7 in Long Blades
  3430 | D:5      | Noticed a yak
  3430 | D:5      | Noticed a yak
  3431 | D:5      | Noticed a yak
  3439 | D:5      | Killed a yak
  3448 | D:5      | Killed a yak
  3449 | D:5      | Reached skill level 5 in Shields
  3449 | D:5      | Reached XP level 8. HP: 17/70 MP: 7/7
  3454 | D:5      | Reached skill level 8 in Long Blades
  3670 | D:5      | Reached *** piety under Okawaru
  3701 | D:5      | HP: 3/71 [centaur zombie (1)]
  3704 | D:5      | Noticed Eustachio
  3720 | D:5      | Killed Eustachio
  4740 | D:6      | Reached skill level 9 in Long Blades
  4959 | D:5      | HP: 1/71 [orc warrior/+0 long sword (11)]
  4962 | D:5      | Reached XP level 9. HP: 28/78 MP: 8/8
  5312 | D:6      | Noticed Edmund
  5326 | D:6      | Killed Edmund
  5326 | D:6      | Reached **** piety under Okawaru
  5586 | D:7      | Found a flagged portal.
  5606 | Bailey   | Entered a bailey
  5700 | Bailey   | Reached skill level 10 in Long Blades
  5714 | Bailey   | Reached ***** piety under Okawaru
  5719 | Bailey   | Identified the +0 ice dragon scales "Pueb" {rElec rPois rF-
                  | rC++}
  5748 | Bailey   | Noticed a two-headed ogre
  5755 | Bailey   | Killed a two-headed ogre
  5756 | Bailey   | Reached XP level 10. HP: 8/89 MP: 9/9
  6032 | D:7      | Found a staircase to the Ecumenical Temple.
  6118 | Temple   | Entered the Ecumenical Temple
  6429 | D:7      | Reached skill level 11 in Long Blades
  6619 | D:7      | Noticed Joseph
  6629 | D:7      | Killed Joseph
  6967 | D:8      | Reached skill level 10 in Armour
  7188 | D:8      | Identified the +0 pair of boots of Sin {rF+ Will+ Int+2}
                  | (Okawaru gifted it to you on level 8 of the Dungeon)
  7188 | D:8      | Received a gift from Okawaru
  7298 | D:8      | Reached skill level 5 in Dodging
  7408 | D:8      | Reached ****** piety under Okawaru
  7701 | D:9      | Reached skill level 12 in Long Blades
  7862 | D:9      | Reached XP level 11. HP: 97/97 MP: 10/10
  7959 | D:9      | Found a staircase to the Lair.
  8116 | D:9      | Noticed Prince Ribbit
  8135 | D:9      | Killed Prince Ribbit
  8301 | D:10     | Entered Level 10 of the Dungeon
  8622 | D:10     | Found a staircase to the Orcish Mines.
  8988 | D:10     | Identified the +2 pair of gloves of Too Many Cooks {rCorr
                  | Str+5} (Okawaru gifted it to you on level 10 of the
                  | Dungeon)
  8988 | D:10     | Received a gift from Okawaru
  9528 | D:11     | Reached skill level 13 in Long Blades
  9708 | D:11     | Reached skill level 10 in Fighting
 10213 | D:11     | Noticed a two-headed ogre
 10221 | D:11     | Killed a two-headed ogre
 10453 | D:11     | Identified the +8 mace of Corporal Punishment {antimagic,
                  | rElec}
 10543 | Lair:1   | Entered Level 1 of the Lair of Beasts
 10625 | Lair:1   | Reached XP level 12. HP: 107/107 MP: 11/11
 10917 | Lair:1   | You fall into a shaft and drop 1 floor!
 10917 | Lair:2   | Noticed Gastronok
 10938 | Lair:2   | Killed Gastronok
 10939 | Lair:2   | Reached skill level 1 in Evocations
 10951 | Lair:2   | Received a gift from Okawaru
 11011 | Lair:2   | Noticed Erica
 11032 | Lair:2   | Killed Erica
 11033 | Lair:2   | Reached skill level 14 in Long Blades
 11095 | Lair:2   | Found a hole to the Spider Nest.
 11688 | Lair:2   | Reached skill level 10 in Shields
 11930 | Lair:1   | Reached skill level 5 in Stealth
 11965 | Lair:1   | Reached skill level 1 in Invocations
 12105 | Lair:1   | Identified the staff of earth "Cust" {rPois}
 12351 | Lair:3   | Found the macabre finger necklace {Finger+ rN+}
 12418 | Lair:3   | Found a frozen archway.
 12436 | IceCv    | Entered an ice cave
 12832 | IceCv    | Noticed a quicksilver ooze
 12841 | IceCv    | HP: 1/112 [quicksilver ooze (13)]
 12847 | IceCv    | Drowned by a quicksilver ooze

Illustrated notes

Levels and vault maps discovered:
D:1:      roderic_octagonal_star, layout_basic, serial_bayou,
          serial_bayou_lagoon_b, serial_bayou_pond_d, serial_bayou_shore_a,
          serial_bayou_pond_c, serial_bayou_shore_b, serial_bayou_lake_a,
          hangedman_abyss_or_decor_lesser_grid, st_stairs_3, minmay_hexomino_r4
D:2:      layout_rooms, kennysheep_potato
D:3:      layout_loops_ring, mainiacjoe_overflow_alcove_3,
          minmay_quadrilaterals, uniq_jessica
D:4:      layout_cave_pools, slow_altar_1, chequers_serial_rivers_room_b
D:5:      layout_basic, nicolae_ossuary_entry_plus, serial_undead,
          serial_undead_c, serial_undead_b, serial_undead_b, serial_undead_d,
          uniq_eustachio
D:6:      layout_basic, uniq_edmund
D:7:      layout_rooms, minmay_temple_entry_antechambers, enter_bailey_3,
          minmay_fractal_squares_diagonal_5, uniq_joseph
D:8:      layout_loops_ring
D:9:      layout_basic, grunt_lair_entry_orc_guard_hut, uniq_prince_ribbit1
D:10:     layout_stronghold, zombieorc2_lemuel, minmay_fire_ice_demons
D:11:     lemuel_reptile_caves, layout_loops_corners,
          nicolae_concentric_dashed_squares_wild
Temple:   minmay_crystal_spiral_temple
Lair:1:   layout_cave_shapes, minmay_lair_oklob_items
Lair:2:   layout_small_grid, spider_nest_entry_web_field, uniq_gastronok,
          uniq_erica
Lair:3:   layout_chaotic_city, minmay_shoals_entry_beasts,
          portal_ice_cave_demonic_guard
IceCv:    ice_cave_hellmonk_azure_passage

Skill      XL: |  1  2  3  4  5  6  7  8  9 10 11 12 |
---------------+-------------------------------------+-----
Armour         | 4 5 6 7 9 10 11 12 | 12.4
Shields        | 4 5 6 7 9 10 | 10.8
Fighting       | 4 5 6 8 9 10 11 | 11.9
Long Blades    | 3 4 5 6 7 9 10 12 13 14 | 14.4
Dodging        | 1 2 3 4 5 6 7 |  7.2
Stealth        | 1 2 3 4 5 |  5.1
Evocations     | 1 |  1.0
Invocations    | 1 |  1.4

Action                     |  1- 3 |  4- 6 |  7- 9 | 10-12 || total
---------------------------+-------+-------+-------+-------++-------
  Melee: Long sword        |    61 |    62 |   266 |   778 ||  1167
         Kick              |    11 |    15 |    93 |    39 ||   158
         Headbutt          |     6 |    11 |    45 |   227 ||   289
 Invoke: Heroism           |       |       |       |     2 ||     2
  Evoke: Wand              |       |       |       |     3 ||     3
    Use: Scroll            |     7 |     2 |     2 |     1 ||    12
         Potion            |     2 |       |     3 |     4 ||     9
   Stab: Distracted        |       |       |     7 |    13 ||    20
 Armour: Scale mail        |    30 |    38 |    79 |       ||   147
         Chain mail        |       |       |    32 |       ||    32
         Ice dragon scales |       |       |       |   232 ||   232
  Dodge: Dodged            |    24 |    43 |   139 |   472 ||   678
  Block: Buckler           |    12 |    15 |    72 |    35 ||   134
         Kite shield       |       |       |       |   334 ||   334
